Map: Echo LE (Void)

Players

SpeCial - Winner!

  • Race: Terran Terran
  • League: Grandmaster
  • Spawn Location: 11:00

MDStephano (Stephano)

  • Race: Zerg Zerg
  • Spawn Location: 5:00

Event: NationWars IV

VOD

Have the link to the VOD?

Description

Time

  • Played on: Jan. 5, 2017, 3 p.m.
  • Length: 16:39
Show
View Real Time Build Order
Export as new Build Order

SpeCial Terran - Winner!

Build Orders: Reaper Expand, Bio Tank 

Get SALT Encoding   

  12  0:00  SCV  
  13  0:12  SCV  
  14  0:17  Supply Depot  
  14  0:25  SCV  
  15  0:29  Refinery  
  15  0:38  SCV  
  16  0:44  Barracks  
  16  0:50  SCV  
  17  1:03  SCV  
  18  1:15  SCV  
  19  1:32  Orbital Command, Reaper  
  20  1:41  Command Center  
  20  1:51  Factory  
  20  1:58  SCV  
  21  2:04  Refinery  
  21  2:08  Barracks Reactor  
  21  2:10  SCV  
  21  2:15  Supply Depot  
  22  2:22  SCV  
  23  2:36  SCV  
  24  2:40  Starport  
  24  2:48  SCV  
  24  2:49  Hellion x2  
  29  2:53  Orbital Command  
  29  2:56  Marine  
  30  3:00  SCV  
  31  3:10  Widow Mine  
  31  3:11  Widow Mine  
  35  3:12  SCV  
  35  3:16  Medivac  
  39  3:20  SCV  
  39  3:25  Supply Depot, SCV  
  40  3:28  Barracks Tech Lab  
  40  3:34  SCV  
  41  3:37  SCV  
  41  3:41  Hellion x2  
  46  3:46  SCV  
  46  3:49  SCV  
  46  3:52  Supply Depot  
  47  3:58  SCV  
  47  4:01  SCV  
  49  4:09  Cloaking Field, Banshee  
  50  4:10  SCV  
  50  4:12  Barracks Tech Lab  
  50  4:13  SCV  
  52  4:18  Supply Depot  
  52  4:24  SCV  
  52  4:28  Command Center  
  53  4:34  Marine  
  52  4:38  SCV x2  
  52  4:43  Supply Depot  
  52  4:45  Supply Depot  
  50  4:49  Stimpack  
  50  4:50  SCV x2  
  50  4:52  Banshee, Marine  
  50  4:57  Factory Reactor  
  50  5:02  Barracks  
  50  5:04  SCV x2  
  50  5:07  Barracks  
  52  5:11  Engineering Bay  
  52  5:12  Marine  
  52  5:13  Engineering Bay  
  53  5:16  SCV x2  
  53  5:18  Refinery  
  53  5:21  Refinery  
  55  5:32  SCV x2  
  55  5:33  Barracks  
  55  5:35  Barracks  
  57  5:42  Starport Reactor  
  57  5:45  SCV x2  
  57  5:46  Orbital Command  
  57  5:49  Terran Infantry Weapons Level 1, Terran Infantry Armor Level 1  
  59  5:51  Marine  
  59  5:53  Siege Tank  
  63  5:57  SCV x2  
  63  5:59  Marine x4  
  69  6:07  Supply Depot  
  69  6:09  Marine, Supply Depot  
  69  6:11  Orbital Command  
  70  6:15  Supply Depot  
  70  6:17  Marine x3  
  73  6:20  Medivac x2  
  73  6:23  Barracks Reactor x2  
  77  6:28  Marine x2  
  77  6:30  Barracks Reactor  
  79  6:34  SCV x2  
  79  6:36  Siege Tank  
  79  6:37  SCV  
  85  6:45  Marine x3  
  85  6:46  SCV x2  
  90  6:49  SCV  
  90  6:51  Marine x2  
  90  6:53  Combat Shields  
  93  6:57  Armory  
  93  6:58  SCV x2  
  93  7:01  SCV  
  96  7:02  Medivac  
  96  7:06  Medivac  
  100  7:10  SCV x2  
  100  7:12  Marine  
  100  7:13  Marine x6, SCV  
  100  7:14  Marine  
  111  7:17  Marine  
  111  7:21  Siege Tank  
  111  7:22  SCV  
  116  7:24  SCV  
  116  7:25  Supply Depot, SCV, Refinery  
  116  7:26  Barracks  
  116  7:27  Supply Depot  
  118  7:30  Barracks  
  118  7:34  Marine x4  
  118  7:35  Marine x2  
  118  7:36  Marine  
  125  7:45  Refinery  
  125  7:47  Factory, SCV x3  
  126  7:55  Supply Depot  
  126  7:56  Supply Depot  
  123  8:00  Siege Tank  
  123  8:02  Terran Infantry Weapons Level 2  
  123  8:03  Marine x4  
  123  8:04  Marine  
  128  8:09  SCV x2  
  128  8:10  SCV  
  131  8:16  Barracks Tech Lab  
  131  8:17  Marine x3  
  131  8:18  Barracks Tech Lab  
  131  8:19  Missile Turret  
  134  8:21  Terran Infantry Armor Level 2  
  134  8:22  Terran Vehicle Weapons Level 1  
  134  8:25  Marine x2  
  136  8:32  Marauder, Marine  
  136  8:33  Marine  
  136  8:34  Marine x2  
  141  8:38  Marine x3  
  141  8:39  Supply Depot  
  141  8:40  Factory Tech Lab, Siege Tank  
  147  8:44  Marine  
  147  8:46  Marine  
  147  8:47  Marauder  
  151  8:49  Marine  
  151  8:51  Marine x2  
  151  8:53  Marauder, Marine  
  157  8:57  Marine  
  157  8:58  Medivac  
  157  8:59  Medivac  
  157  9:02  Marine  
  154  9:03  Siege Tank  
  154  9:05  Marine  
  154  9:12  Siege Tank  
  154  9:14  Marine x2  
  154  9:15  Marauder  
  160  9:20  Marine x2  
  160  9:22  Marine x2  
  153  9:25  Marine  
  153  9:28  Marine x3, Medivac  
  147  9:32  Marine x2  
  147  9:35  Medivac, Siege Tank  
  147  9:36  Marine  
  147  9:37  Marine  
  147  9:38  Marine  
  150  9:44  Marine x3, Siege Tank  
  156  9:46  Marine  
  156  9:47  Marine  
  156  9:49  Command Center  
  156  9:50  Liberator  
  156  9:51  Marine  
  159  9:55  Marine  
  159  9:58  Medivac  
  159  10:01  Marine  
  159  10:02  Marine  
  161  10:09  Marine  
  161  10:11  Liberator  
  161  10:12  Supply Depot  
  165  10:14  Supply Depot  
  165  10:23  Supply Depot  
  165  10:24  Supply Depot  
  165  10:25  Marine x7  
  172  10:29  Marauder, Marine  
  172  10:34  Marine x2  
  179  10:43  Marine x3  
  179  10:46  Marine x2  
  179  10:47  Marauder  
  180  10:50  Medivac  
  180  10:55  Marine x3  
  180  10:58  Marauder, Marine  
  180  11:01  Marine x2  
  180  11:03  Terran Infantry Weapons Level 3  
  180  11:04  Terran Infantry Armor Level 3, Marine x2  
  181  11:06  Terran Vehicle Weapons Level 2  
  181  11:11  Marine x2, Medivac  
  181  11:12  Marine  
  181  11:13  Marine  
  181  11:14  Marine  
  181  11:16  Marine  
  189  11:19  Marine x3  
  189  11:20  Medivac  
  189  11:21  Siege Tank  
  189  11:22  Marine  
  194  11:27  Marine  
  186  11:34  Marine x2  
  186  11:35  Marine x2  
  186  11:36  Planetary Fortress  
  187  11:40  Marine x2  
  187  11:41  Medivac  
  191  11:50  Medivac  
  191  11:52  Marauder, Marine  
  191  12:06  Marine x2  
  193  12:11  Command Center  
  193  12:13  Starport  
  187  12:24  Siege Tank x2  
  187  12:27  Marine x2  
  187  12:28  Marine  
  195  12:42  Marauder  
  193  12:56  Siege Tank  
  183  12:59  Marine  
  183  13:00  Starport Reactor  
  184  13:06  Marine  
  184  13:10  Marauder, Marine x2  
  184  13:12  Siege Tank  
  175  13:18  Marine x2  
  175  13:19  Marine x4  
  161  13:24  Marine x2  
  163  13:27  Marine  
  163  13:28  Terran Ship Weapons Level 1, Marine  
  163  13:29  Siege Tank  
  163  13:32  Missile Turret  
  163  13:33  Marine  
  169  13:34  Planetary Fortress  
  169  13:36  Marine  
  169  13:40  Marine x5  
  175  13:43  Marine  
  175  13:44  Marine, Siege Tank  
  175  13:45  Marine  
  180  13:54  Marine x2  
  180  13:55  Marauder  
  184  13:57  Marine  
  184  14:01  Siege Tank  
  188  14:07  Barracks x2  
  188  14:16  Siege Tank  
  190  14:17  Missile Turret  
  190  14:20  Starport  
  190  14:22  Missile Turret  
  190  14:23  Marine x3  
  193  14:29  Missile Turret  
  191  14:44  Marine  
  183  14:58  Marine  
  183  14:59  Marine, Siege Tank  
  155  15:00  Marine x3  
  155  15:04  Marine x2  
  152  15:10  Marine  
  152  15:11  Marine x2  
  154  15:14  Marine x2  
  154  15:15  Marauder  
  154  15:19  Marine x2, Siege Tank  
  163  15:22  Marine  
  163  15:23  Marine x3  
  163  15:24  Missile Turret, Marine  
  163  15:27  Command Center, Concussive Shells  
  168  15:28  Marine  
  168  15:30  Marine x2  
  168  15:31  Siege Tank  
  168  15:32  Marine  
  168  15:33  Marauder  
  177  15:36  Marine  
  177  15:37  Marine  
  177  15:40  Starport, Starport Tech Lab  
  179  15:49  Marine  
  178  15:51  Marauder, Siege Tank  
  178  15:55  Marine x2  
  178  15:56  Marauder  
  185  15:58  Marine x6  
  185  15:59  Marine  
  185  16:02  Marine  
  185  16:03  Siege Tank  
  156  16:18  Starport Tech Lab  
  144  16:21  Marine x2  
  144  16:22  Fusion Core  
Show
View Real Time Build Order
Export as new Build Order

MDStephano Zerg 

Build Orders: Hatch First 

Get SALT Encoding   

  12  0:00  Drone  
  13  0:12  Overlord  
  13  0:17  Drone  
  14  0:31  Drone x2  
  14  0:34  Drone  
  17  0:52  Hatchery  
  17  0:54  Drone  
  17  0:56  Drone  
  18  1:08  Extractor  
  17  1:11  Spawning Pool  
  17  1:15  Drone  
  17  1:17  Drone  
  18  1:29  Drone  
  19  1:39  Overlord  
  19  1:58  Zergling x2, Queen  
  19  2:00  Zergling x2  
  23  2:04  Queen  
  23  2:05  Drone  
  26  2:11  Metabolic Boost  
  26  2:15  Drone x2  
  28  2:28  Hatchery  
  27  2:32  Overlord  
  27  2:36  Drone  
  28  2:39  Drone  
  28  2:43  Drone  
  30  2:46  Drone  
  30  2:48  Drone  
  32  2:56  Drone  
  33  3:01  Drone  
  34  3:06  Drone x2  
  34  3:07  Drone x2  
  34  3:09  Queen  
  34  3:11  Drone x2  
  42  3:13  Zergling x2  
  42  3:14  Zergling x2  
  44  3:21  Overlord  
  44  3:23  Overlord  
  44  3:39  Overlord  
  44  3:40  Drone  
  44  3:41  Drone x3, Queen  
  48  3:45  Drone  
  48  3:46  Drone x3  
  48  3:48  Drone x2  
  56  3:50  Drone  
  57  3:56  Overlord  
  56  4:05  Drone  
  56  4:06  Drone x2  
  56  4:08  Queen  
  58  4:13  Extractor  
  58  4:15  Roach Warren  
  56  4:18  Evolution Chamber  
  56  4:19  Zergling x6, Evolution Chamber  
  56  4:23  Spore Crawler  
  56  4:26  Spore Crawler  
  56  4:27  Zergling x2  
  56  4:28  Zergling x4  
  56  4:35  Drone  
  54  4:39  Drone x2  
  54  4:42  Drone x2  
  58  4:45  Overlord  
  58  4:46  Overlord  
  58  4:47  Drone  
  58  4:48  Drone  
  60  4:55  Drone x3  
  60  4:57  Drone  
  64  5:05  Drone x3  
  64  5:06  Drone  
  68  5:08  Zerg Missile Weapons Level 1  
  68  5:10  Drone x3  
  68  5:13  Extractor  
  70  5:16  Overlord x2  
  70  5:18  Drone x2  
  70  5:20  Extractor  
  71  5:26  Spore Crawler  
  69  5:30  Drone x4  
  69  5:31  Drone x3  
  69  5:33  Zerg Ground Armor Level 1  
  73  5:42  Drone x2  
  72  5:45  Drone x3  
  72  5:47  Drone x2  
  72  5:49  Extractor  
  74  5:50  Extractor  
  73  6:03  Drone x3  
  75  6:04  Drone  
  75  6:10  Lair, Overlord  
  75  6:11  Overlord, Drone x2  
  74  6:12  Drone x3  
  74  6:15  Roach  
  74  6:16  Roach  
  83  6:25  Roach x3  
  89  6:28  Drone x2  
  91  6:35  Hatchery  
  91  6:36  Queen  
  91  6:38  Roach x5  
  102  6:40  Queen  
  104  6:47  Overlord x2  
  103  6:54  Overlord  
  103  6:57  Roach x7  
  117  7:07  Roach x4  
  125  7:08  Glial Reconstitution  
  125  7:09  Zerg Missile Weapons Level 2  
  125  7:11  Ravager x2  
  127  7:19  Drone x4  
  127  7:20  Overlord  
  127  7:21  Overlord  
  131  7:23  Roach  
  131  7:24  Roach  
  135  7:30  Zerg Ground Armor Level 2  
  135  7:35  Overseer  
  135  7:43  Roach x9  
  147  7:54  Hatchery  
  147  7:58  Roach x7  
  160  8:07  Ravager  
  160  8:08  Overlord x3  
  161  8:17  Overlord x2  
  161  8:28  Extractor  
  161  8:29  Roach  
  161  8:30  Roach x8  
  161  8:33  Extractor  
  161  8:34  Hatchery  
  176  8:42  Ravager x3  
  176  8:43  Ravager x4  
  176  8:44  Roach  
  185  8:51  Roach  
  185  8:52  Roach x4  
  195  9:02  Hatchery  
  191  9:05  Roach  
  191  9:06  Roach x7  
  194  9:18  Roach x2  
  172  9:27  Roach  
  172  9:28  Roach x11  
  170  9:37  Roach x5  
  170  9:40  Drone x3  
  170  9:41  Drone  
  174  9:48  Ravager  
  174  9:49  Ravager x2  
  177  9:55  Roach x5  
  185  10:23  Ravager x6  
  185  10:24  Ravager  
  185  10:27  Queen  
  194  10:33  Drone x2  
  196  10:36  Burrow  
  196  10:37  Infestation Pit  
  186  11:02  Tunneling Claws  
  184  11:12  Ravager x7  
  178  11:56  Infestor x3, Hive  
  184  12:03  Hatchery  
  184  12:04  Ravager x3  
  186  12:10  Spine Crawler  
  186  12:13  Infestor  
  187  12:18  Hatchery  
  167  12:44  Roach x5  
  167  12:45  Roach x12  
  167  12:47  Roach x4  
  174  12:58  Roach x7  
  182  13:12  Roach x2  
  157  13:19  Roach, Hatchery  
  152  13:34  Zerg Ground Armor Level 3, Queen x2  
  152  13:35  Hatchery  
  155  13:52  Roach x6  
  165  14:11  Extractor  
  164  14:21  Overlord  
  164  14:22  Roach, Overlord  
  164  14:23  Roach x5  
  174  14:59  Roach  
  172  15:00  Roach x7  
  168  15:13  Infestor  
  168  15:14  Infestor  
  168  15:15  Roach x9  
  168  15:19  Roach  
  168  15:20  Roach  
  170  15:37  Ravager x8  
  178  15:48  Hatchery  
  106  16:05  Roach x5  
  102  16:16  Roach x2  
Tags
 
Add a new tag
Caveats
  • Supply blocks, unpowered buildings, or Contaminate may cause inaccurate times.
  • Supply counts are checked every 10 seconds.